Map: Triton LE

Players

Stephano - Winner!

  • Race: Zerg Zerg
  • Spawn Location: 11:00

SpeCial

  • Race: Terran Terran
  • Spawn Location: 5:00

VOD

Have the link to the VOD?

Description

Time

  • Played on: Sept. 8, 2019, 9:10 a.m.
  • Length: 9:25
Show
View Real Time Build Order
Export as new Build Order

Stephano Zerg - Winner!

Build Orders: Hatch First 

Get SALT Encoding   

  12  0:00  Drone  
  13  0:12  Overlord  
  13  0:17  Drone  
  14  0:31  Drone x2  
  16  0:48  Hatchery  
  15  0:51  Drone  
  15  0:55  Drone  
  17  0:58  Drone  
  18  1:10  Extractor  
  17  1:14  Spawning Pool  
  17  1:16  Drone  
  17  1:20  Drone  
  18  1:27  Drone  
  19  1:38  Drone  
  20  1:49  Drone  
  21  2:00  Queen x2  
  26  2:01  Zergling x4  
  27  2:11  Overlord  
  27  2:13  Drone  
  28  2:20  Hatchery  
  27  2:25  Drone  
  28  2:31  Drone  
  28  2:33  Drone x2  
  31  2:39  Queen  
  31  2:44  Overlord  
  33  2:50  Drone  
  34  2:51  Metabolic Boost  
  34  2:58  Drone x2  
  36  3:09  Drone x4  
  36  3:10  Drone  
  41  3:16  Queen  
  43  3:20  Overlord  
  43  3:27  Drone  
  43  3:32  Overlord  
  43  3:33  Zergling x4  
  46  3:34  Queen  
  46  3:38  Drone  
  46  3:40  Drone x4  
  53  3:45  Drone  
  54  3:50  Overlord  
  54  3:51  Drone x2  
  54  3:53  Queen  
  59  3:55  Zergling x2  
  56  4:06  Drone x3  
  56  4:09  Drone x2  
  57  4:14  Drone x3  
  57  4:16  Drone x2  
  57  4:18  Drone  
  58  4:25  Drone x4  
  58  4:31  Lair  
  62  4:33  Drone  
  62  4:36  Drone x2  
  62  4:37  Drone  
  66  4:38  Spore Crawler  
  66  4:40  Spore Crawler  
  66  4:43  Drone  
  66  4:45  Spore Crawler  
  62  4:47  Zergling x2  
  62  4:50  Zergling x2  
  62  4:52  Zergling x4  
  65  4:53  Zergling x2  
  65  4:56  Overlord  
  63  5:05  Roach Warren, Drone x3  
  63  5:06  Extractor  
  64  5:07  Extractor, Evolution Chamber  
  64  5:08  Overlord  
  64  5:13  Drone x2  
  64  5:14  Drone x3  
  64  5:17  Drone x2  
  64  5:20  Drone x2  
  71  5:23  Overlord  
  71  5:29  Overseer  
  71  5:33  Zerg Missile Weapons Level 1  
  71  5:34  Drone x2  
  73  5:37  Overlord  
  73  5:38  Drone x2  
  73  5:39  Drone x3  
  77  5:43  Drone x3  
  77  5:46  Extractor  
  77  5:47  Extractor  
  78  5:50  Overlord  
  78  5:54  Roach x4  
  85  6:01  Glial Reconstitution  
  85  6:02  Roach x3  
  91  6:06  Roach  
  91  6:07  Roach  
  91  6:11  Roach x2  
  99  6:14  Overlord  
  99  6:20  Roach x4  
  105  6:29  Roach  
  105  6:32  Overlord  
  103  6:33  Drone x4  
  103  6:34  Drone x3  
  103  6:37  Drone x2  
  110  6:46  Roach x2  
  114  6:47  Overlord x2  
  114  6:53  Extractor  
  113  6:59  Overlord, Overseer  
  113  7:02  Ravager x3  
  113  7:03  Ravager, Roach  
  113  7:05  Roach  
  121  7:12  Roach x4  
  129  7:17  Roach x3  
  129  7:19  Overlord  
  129  7:20  Hatchery  
  134  7:26  Roach x4  
  142  7:30  Roach  
  142  7:31  Roach  
  142  7:32  Overlord  
  146  7:38  Overlord  
  146  7:42  Ravager x2  
  146  7:43  Ravager, Roach x2  
  149  7:54  Roach x7  
  160  8:02  Roach x4  
  155  8:09  Roach x6  
  159  8:12  Roach  
  159  8:13  Roach  
  159  8:16  Roach x2  
  163  8:22  Queen x2  
  163  8:24  Queen  
  163  8:26  Roach x2  
  170  8:32  Ravager  
  171  8:37  Extractor  
  170  8:42  Drone x8  
  175  8:55  Roach x3  
  175  9:01  Roach  
  175  9:02  Roach x6  
Show
View Real Time Build Order
Export as new Build Order

SpeCial Terran 

Build Orders: Gas First Reaper Expand, Hellion Banshee, Mech 

Get SALT Encoding   

  12  0:00  SCV  
  13  0:12  SCV  
  14  0:17  Supply Depot  
  14  0:24  SCV  
  14  0:28  Refinery  
  15  0:38  SCV  
  16  0:44  Barracks  
  16  0:50  SCV  
  17  1:03  SCV  
  18  1:15  SCV  
  19  1:31  Orbital Command, Reaper  
  20  1:41  Command Center  
  20  1:52  Factory  
  20  1:57  SCV  
  21  2:05  Barracks Reactor  
  21  2:09  SCV  
  21  2:14  Supply Depot  
  22  2:18  Refinery  
  22  2:21  SCV  
  23  2:35  SCV  
  24  2:42  Starport  
  24  2:47  SCV  
  24  2:49  Hellion  
  24  2:50  Hellion  
  29  2:54  Orbital Command, Barracks Tech Lab  
  29  2:59  SCV  
  30  3:11  Hellion x2  
  30  3:12  SCV  
  35  3:20  SCV  
  35  3:24  SCV  
  40  3:27  Cloaking Field, Banshee  
  40  3:28  Marine  
  41  3:35  Hellion  
  41  3:36  Hellion  
  41  3:38  SCV  
  46  3:45  Supply Depot  
  46  4:07  SCV x2, Hellion x2  
  49  4:13  Banshee  
  50  4:19  SCV x2  
  50  4:23  Supply Depot  
  52  4:30  Command Center  
  52  4:31  SCV x2  
  54  4:44  SCV x2, Hellion x2  
  60  4:49  Supply Depot  
  60  4:50  Armory  
  60  4:56  SCV x2  
  62  5:07  Hellion  
  62  5:10  SCV x2, Banshee  
  62  5:11  Hellion  
  62  5:12  Supply Depot  
  69  5:20  Refinery  
  69  5:21  Refinery  
  69  5:22  SCV  
  69  5:25  Factory x2  
  70  5:34  SCV x2, Hellion x2, Hyperflight Rotors  
  76  5:36  Supply Depot  
  76  5:43  Orbital Command  
  76  5:45  Terran Vehicle Weapons Level 1  
  76  5:46  SCV  
  77  5:50  SCV  
  78  5:57  Banshee  
  78  5:58  SCV  
  78  6:01  Supply Depot  
  78  6:03  SCV  
  83  6:07  Hellion x2  
  83  6:09  Orbital Command  
  87  6:12  SCV  
  88  6:20  SCV  
  88  6:24  Factory Tech Lab x2, SCV  
  85  6:32  SCV  
  79  6:39  SCV x2, Hellion x2  
  73  6:40  Banshee  
  73  6:43  Siege Tank x2  
  73  6:44  SCV  
  83  6:50  Supply Depot  
  83  6:51  SCV x2  
  85  6:56  SCV, Factory  
  85  6:58  Factory, Refinery  
  85  6:59  Refinery  
  85  7:01  Hellion x2  
  90  7:03  SCV x2  
  90  7:06  Supply Depot  
  90  7:08  SCV  
  93  7:15  Siege Tank x2, SCV x2  
  96  7:16  Supply Depot  
  96  7:17  Supply Depot  
  96  7:20  SCV  
  102  7:24  Hellion x2  
  102  7:26  Supply Depot  
  102  7:28  SCV x2, Banshee  
  111  7:32  SCV  
  111  7:35  Supply Depot  
  111  7:36  Engineering Bay  
  112  7:40  SCV, Supply Depot  
  112  7:43  Supply Depot  
  112  7:44  SCV  
  113  7:45  SCV  
  113  7:47  Factory Tech Lab  
  113  7:48  Siege Tank, Factory Reactor  
  117  7:52  SCV  
  117  7:56  SCV  
  117  7:57  SCV  
  91  8:08  SCV  
  91  8:12  Siege Tank x2, Hellion x2  
  70  8:20  Siege Tank  
  70  8:21  SCV  
  70  8:26  Banshee, Supply Depot  
  73  8:29  Hellion  
  73  8:30  Hellion  
  77  8:39  SCV  
  78  8:44  Siege Tank  
  78  8:46  Siege Tank  
  84  8:52  Siege Tank, Supply Depot  
  84  8:58  SCV  
  84  9:00  SCV  
  60  9:10  SCV  
Tags
 
Add a new tag
Caveats
  • Supply blocks, unpowered buildings, or Contaminate may cause inaccurate times.
  • Supply counts are checked every 10 seconds.